AoeStats
← MyGO.Soyo

Fortress

509318576Analyzed
4v4 RM · 6d ago on Sep 26, 2026· 48m 42s· 8 players
Game mode
Random Map
Map size
Huge
Population
200
Speed
Normal
Resources
Standard
Victory
Conquest
Starting age
Dark Age
Ending age
Imperial Age
RankedLock teamsTeams togetherTeam positionsShared explorationLock speedFull tech treeHidden civsTurbo modeCheats
Victory
Defeat
🇨🇳 Saxons · China
1188
+13
🇪🇸 Ethiopians · Spain
1150
+14
🇨🇳 Koreans · China
1106
+16
🇹🇼 Romans · Taiwan
1025
+19
🇬🇧 Poles · United Kingdom
1152
-17
🇨🇭 Mongols · Switzerland
1151
-17
🇦🇺 Danes · Australia
1070
-14
🇦🇺 Malians · Australia
1065
-14
tugou
7:50 Feudal Age
11:38 Castle Age
9:53 Double-Bit Axe
10:05 Horse Collar
12:39 Bow Saw
12:58 Gold Mining
14:38 Fletching
17:20 Bodkin Arrow
17:49 Ballistics
18:45 Loom
23:19 Wheelbarrow
26:36 Imperial Age
26:27 Stone Mining
27:29 Bracer
28:36 Conscription
31:56 Hand Cart
33:24 Elite War Wagon
36:57 Siege Engineers
37:53 Chemistry
37:06 Heavy Plow
42:32 Shinkichon
43:36 Two-Man Saw
43:49 Masonry
44:43 Caravan
45:07 Heavy Rocket Cart
47:09 Husbandry
Dark_Knight
5:38 Loom
7:44 Feudal Age
12:13 Castle Age
10:01 Double-Bit Axe
10:20 Horse Collar
13:20 Bow Saw
19:41 Wheelbarrow
22:23 Masonry
25:24 Imperial Age
23:11 Fortified Wall
23:03 Fletching
24:37 Bodkin Arrow
26:14 Ballistics
28:46 Ballistas
31:16 Conscription
30:35 Capped Ram
33:19 Town Watch
34:30 Hand Cart
35:17 Chemistry
34:50 Scale Mail Armor
35:01 Forging
35:22 Heavy Plow
35:51 Squires
37:28 Siege Engineers
36:46 Pikeman
37:58 Guilds
37:33 Halberdier
38:11 Heavy Scorpion
39:55 Iron Casting
40:15 Siege Ram
41:56 Caravan
42:47 Chain Mail Armor
43:25 Murder Holes
44:01 Architecture
43:34 Man-at-Arms
45:16 Blast Furnace
44:50 Long Swordsman
45:50 Scale Barding Armor
47:10 Town Patrol
MalSofrit
8:04 Feudal Age
11:48 Castle Age
9:58 Double-Bit Axe
10:47 Horse Collar
13:20 Bow Saw
19:30 Heavy Plow
20:29 Scale Mail Armor
20:39 Forging
25:27 Wheelbarrow
24:37 Loom
27:38 Imperial Age
24:54 Loom
27:15 Light Cavalry
28:35 Chain Mail Armor
28:55 Iron Casting
28:28 Elite Shotel Warrior
29:29 Conscription
29:52 Plate Mail Armor
29:36 Royal Heirs
29:40 Gold Mining
31:36 Blast Furnace
31:26 Hussar
32:13 Scale Barding Armor
35:51 Chain Barding Armor
39:54 Husbandry
42:40 Heavy Camel Rider
43:32 Caravan
45:58 Hand Cart
MyGO.Soyo
9:02 Feudal Age
11:01 Double-Bit Axe
11:30 Horse Collar
12:29 Wheelbarrow
14:27 Castle Age
13:40 Gold Mining
13:44 Stone Mining
16:02 Bow Saw
15:54 Heavy Plow
16:33 Loom
28:10 Hand Cart
32:40 Imperial Age
30:01 Gambesons
30:16 Squires
30:02 Arson
32:42 Scale Mail Armor
32:53 Forging
32:49 Elite Varangian Guard
33:58 Conscription
34:08 Chain Mail Armor
34:09 Shield Wall
36:01 Plate Mail Armor
36:17 Iron Casting
36:15 Caravan
37:51 Chemistry
37:11 Ballistics
42:02 Man-at-Arms
42:03 Pikeman
43:28 Siege Engineers
43:03 Treadmill Crane
46:43 Long Swordsman
46:43 Halberdier
frickman
7:48 Feudal Age
11:53 Castle Age
9:40 Double-Bit Axe
12:10 Forging
12:45 Fletching
12:42 Horse Collar
13:14 Bow Saw
13:01 Gold Mining
15:23 Bodkin Arrow
17:52 Bloodlines
17:44 Husbandry
17:52 Padded Archer Armor
20:26 Light Cavalry
23:02 Gold Shaft Mining
22:16 Loom
31:47 Light Cavalry
35:57 Imperial Age
36:01 Iron Casting
35:31 Scale Barding Armor
40:03 Wheelbarrow
39:50 Onager
42:44 Chemistry
42:30 Ballistics
46:12 Heavy Scorpion
46:56 Heavy Scorpion
nathan.maloney222
6:31 Feudal Age
7:09 Horse Collar
7:17 Double-Bit Axe
14:47 Castle Age
13:47 Forging
14:39 Scale Mail Armor
16:48 Iron Casting
17:42 Heavy Plow
18:02 Chain Mail Armor
22:38 Wheelbarrow
21:51 Loom
27:03 Hand Cart
31:39 Imperial Age
30:10 Bow Saw
29:57 Fletching
32:16 Ballistics
35:48 Chemistry
36:09 Crop Rotation
36:11 Plate Mail Armor
44:46 Elite Gbeto
Mick The Brick
8:34 Feudal Age
10:03 Double-Bit Axe
10:05 Horse Collar
12:56 Castle Age
12:42 Scale Mail Armor
12:54 Forging
13:04 Arson
13:17 Gold Mining
14:31 Chain Mail Armor
15:12 Iron Casting
16:07 Squires
17:00 Heavy Plow
27:51 Imperial Age
26:42 Bloodlines
26:33 Husbandry
25:53 Light Cavalry
28:44 Bow Saw
29:41 Blast Furnace
29:21 Conscription
30:38 Gold Shaft Mining
31:05 Stone Mining
32:12 Wheelbarrow
32:48 Scale Barding Armor
34:25 Elite Varangian Guard
34:53 Gambesons
35:52 Plate Mail Armor
36:28 Fletching
xSantalogx
10:10 Feudal Age
13:56 Castle Age
13:14 Double-Bit Axe
13:19 Horse Collar
15:27 Wheelbarrow
14:42 Loom
15:32 Wheelbarrow
18:47 Scale Barding Armor
18:54 Forging
21:14 Chain Barding Armor
21:58 Bloodlines
27:55 Imperial Age
26:15 Hand Cart
27:15 Iron Casting
27:03 Heavy Plow
27:16 Bow Saw
27:57 Gold Mining
28:58 Husbandry
28:21 Light Cavalry
29:25 Conscription
29:29 Lechitic Legacy
29:03 Town Watch
30:17 Ballistics
30:59 Chemistry
31:07 Blast Furnace
32:34 Chemistry
31:27 Winged Hussar
33:00 Szlachta Privileges
33:37 Fletching
33:48 Padded Archer Armor
38:44 Elite Obuch
39:28 Scale Mail Armor
40:40 Crop Rotation
45:16 Cavalier
48:38 Chain Mail Armor
Connection lost

Rejoining the realm…

Still unreachable

The connection could not be restored.

Session expired

The server has moved on; the page needs a fresh start.